 Dungeon Crawl Stone Soup version 0.22.1-2-g9c5b331383 (webtiles) character file.

433266 Peloso the Minotaur Barricade (level 22, -1/206 HPs)
             Began as a Minotaur Fighter on Nov 19, 2018.
             Was the Champion of Okawaru.
             Hit by a large rock thrown by a stone giant (8 damage)
             ... on level 5 of the Vaults on Nov 20, 2018.
             The game lasted 03:19:38 (59477 turns).

Peloso the Minotaur Barricade (Minotaur Fighter)   Turns: 59477, Time: 03:19:38

Health: -1/206     AC: 38    Str: 42    XL:     22   Next: 88%
Magic:  34/34      EV: 22    Int:  7    God:    Okawaru [******]
Gold:   2618       SH: 33    Dex: 27    Spells: 22/22 levels left

rFire    . . .     SeeInvis .   V - +8 double sword (elec)
rCold    . . .     Gourm    .   c - +2 large shield {reflect}
rNeg     + + +     Faith    +   Y - +12 pearl dragon scales of Fashionability {*Contam +Fly rN+ MP+9 Dex+7}
rPois    .         Spirit   .   w - +4 hat "Moh Mait" {*Drain rElec Int+4 Dex+4}
rElec    +         Reflect  +   J - +0 cloak "Ojyetal" {Str+7}
rCorr    .         Harm     .   t - +1 pair of gloves {Dex+3}
MR       ++...                  D - +2 pair of boots "Liesith" {rN++ Int-2 Dex+2}
Stlth    +++.......             i - amulet of faith
HPRegen  0.44/turn              S - ring of protection from magic
MPRegen  0.24/turn              m - ring "Zutoint" {rElec Str+5 Stlth+}

@: corroded
A: retaliatory headbutt, horns 2
}: 2/15 runes: barnacled, gossamer
a: Heroism, Finesse, Renounce Religion, Evoke Flight


You were on level 5 of the Vaults.
You worshipped Okawaru.
Okawaru was exalted by your worship.
You were not hungry.

You visited 7 branches of the dungeon, and saw 39 of its levels.
You visited 1 bazaar.
You also visited: Ice Cave and Volcano.

You collected 4874 gold pieces.
You spent 2256 gold pieces at shops.

Inventory:

Hand Weapons
 b - a +2 scimitar of flaming
 s - the +2 scimitar of the Moon {flame, rElec rF+}
   (Okawaru gifted it to you on level 3 of the Vaults)

   It has been specially enchanted to burn those struck by it, causing extra
   injury to most foes and up to half again as much damage against particularly
   susceptible opponents.
   Big, fiery blades are also staple armaments of hydra-hunters.
   It protects you from fire.
   It insulates you from electricity.
 L - the +11 long sword "Ydiwini" {slice, rPois}
   (You took it off a deep elf mage on level 3 of the Elven Halls)

   It inflicts extra damage upon your enemies.
   It protects you from poison.
 R - the +4 short sword "Spider's Nightmare" {pierce, rN+ MR+ Str+4}
   (Okawaru gifted it to you on level 4 of the Vaults)

   It inflicts extra damage upon your enemies.
   It affects your strength (+4).
   It protects you from negative energy.
   It affects your resistance to hostile enchantments.
 V - a +8 double sword of electrocution (weapon)
Armour
 c - a +2 large shield of reflection (worn)
 t - a +1 pair of gloves of dexterity (worn)
 w - the +4 hat "Moh Mait" (worn) {*Drain rElec Int+4 Dex+4}
   (Okawaru gifted it to you on level 12 of the Dungeon)

   It affects your intelligence (+4).
   It affects your dexterity (+4).
   It insulates you from electricity.
   It causes draining when unequipped.
 y - a scarf of cloud immunity
 z - the +16 plate armour of Depression {MR+}
   (You found it on level 3 of the Elven Halls)

   It affects your resistance to hostile enchantments.
 C - a +1 cloak of magic resistance
 D - the +2 pair of boots "Liesith" (worn) {rN++ Int-2 Dex+2}
   (Okawaru gifted it to you on level 4 of the Shoals)

   It affects your intelligence (-2).
   It affects your dexterity (+2).
   It greatly protects you from negative energy.
 J - the +0 cloak "Ojyetal" (worn) {Str+7}
   (You found it on level 1 of the Elven Halls)

   It affects your strength (+7).
 Y - the +12 pearl dragon scales of Fashionability (worn) {*Contam +Fly rN+ MP+9 Dex+7}
   (You took it off a deep elf blademaster on level 3 of the Elven Halls)

   It affects your dexterity (+7).
   It protects you from negative energy.
   It affects your magic capacity (+9).
   It lets you fly.
   It causes magical contamination when unequipped.
Jewellery
 a - an uncursed ring of protection from cold
 e - a +5 ring of dexterity
 i - an amulet of faith (around neck)
 k - an uncursed ring of resist corrosion
 l - a +5 ring of protection
 m - the ring "Zutoint" (right hand) {rElec Str+5 Stlth+}
   (You bought it in a shop on level 3 of the Vaults)

   [ring of stealth]

   It affects your strength (+5).
   It insulates you from electricity.
   It makes you more stealthy.
 A - an uncursed ring of flight
 S - a ring of protection from magic (left hand)
Wands
 x - a wand of paralysis (9)
 U - a wand of digging (17)
Scrolls
 h - 4 scrolls of magic mapping
 n - 2 scrolls of teleportation
 o - 3 scrolls of enchant weapon
 q - 3 scrolls of fear
 v - a scroll of amnesia
 H - 8 scrolls of identify
 K - 3 scrolls of fog
 N - 8 scrolls of remove curse
 O - 3 scrolls of noise
 Q - 3 scrolls of silence
Potions
 d - 4 potions of might
 g - 7 potions of haste
 j - 11 potions of flight
 p - 4 potions of agility
 r - 3 potions of invisibility
 u - 14 potions of curing
 B - 4 potions of resistance
 E - 3 potions of magic
 F - 2 potions of berserk rage
 G - a potion of cancellation
 M - 6 potions of mutation
Miscellaneous
 I - a fan of gales
Comestibles
 f - 51 rations


   Skills:
 + Level 19.4 Fighting
 + Level 1.6(13.0) Short Blades
 + Level 20.5 Long Blades
 + Level 1.1 Throwing
 + Level 17.6 Armour
 + Level 11.3 Dodging
 + Level 4.6 Stealth
 O Level 27 Shields
 + Level 1.2 Unarmed Combat
 + Level 0.6 Spellcasting
 + Level 5.3 Invocations
 + Level 2.2 Evocations


You had 22 spell levels left.
You didn't know any spells.
Your spell library contained the following spells:

 Spells                   Type           Power        Failure   Level  Hunger
 Animate Skeleton         Necr           N/A          56%         1    ##.....
 Flame Tongue             Conj/Fire      #....        56%         1    ##.....
 Pain                     Necr           #...         56%         1    ##.....
 Summon Butterflies       Summ           #.......     56%         1    ##.....
 Blink                    Tloc           N/A          71%         2    ###....
 Ensorcelled Hibernation  Hex/Ice        #.....       71%         2    ###....
 Passwall                 Tmut/Erth      #.......     71%         2    ###....
 Poisonous Vapours        Pois/Air       #.....       71%         2    ###....
 Shroud of Golubria       Chrm/Tloc      #.........   71%         2    ###....
 Swiftness                Chrm/Air       #.......     71%         2    ###....
 Throw Flame              Conj/Fire      #.....       71%         2    ###....
 Call Canine Familiar     Summ           #.......     90%         3    ####...
 Conjure Flame            Conj/Fire      #.......     90%         3    ####...
 Gell's Gravitas          Tloc           #.........   90%         3    ####...
 Inner Flame              Hex/Fire       #.......     90%         3    ####...
 Lesser Beckoning         Tloc           #.........   90%         3    ####...
 Mephitic Cloud           Conj/Pois/Air  #.......     90%         3    ####...
 Regeneration             Chrm/Necr      #.........   90%         3    ####...
 Static Discharge         Conj/Air       #.......     90%         3    ####...
 Teleport Other           Tloc           #.......     90%         3    ####...
 Vampiric Draining        Necr           #.........   90%         3    ####...
 Animate Dead             Necr           N/A          100%        4    #####..
 Passage of Golubria      Tloc           N/A          100%        4    #####..
 Petrify                  Tmut/Erth      #.......     100%        4    #####..
 Sticky Flame             Conj/Fire      #.......     100%        4    #####..
 Summon Ice Beast         Ice/Summ       #.......     100%        4    #####..
 Bolt of Magma            Conj/Fire/Erth #.........   100%        5    ######.
 Borgnjor's Vile Clutch   Necr/Erth      #.........   100%        5    ######.
 Fireball                 Conj/Fire      #.........   100%        5    ######.
 Irradiate                Conj/Tmut      #.........   100%        5    ######.
 Iskenderun's Battlesphe  Conj/Chrm      #.......     100%        5    ######.
 Lee's Rapid Deconstruct  Erth           #.........   100%        5    ######.
 Lightning Bolt           Conj/Air       #.........   100%        5    ######.
 Silence                  Hex/Air        #.........   100%        5    ######.
 Summon Mana Viper        Hex/Summ       #.......     100%        5    ######.
 Venom Bolt               Conj/Pois      #.........   100%        5    ######.
 Darkness                 Hex            #.........   100%        6    #######
 Freezing Cloud           Conj/Ice/Air   #.........   100%        6    #######
 Hydra Form               Tmut           #.........   100%        6    #######
 Invisibility             Hex            #.......     100%        6    #######
 Iron Shot                Conj/Erth      #.........   100%        6    #######
 Shadow Creatures         Summ           N/A          100%        6    #######
 Statue Form              Tmut/Erth      #........    100%        6    #######
 Dragon Form              Tmut           #.........   100%        7    #######
 Haunt                    Necr/Summ      #.........   100%        7    #######
 Orb of Destruction       Conj           #.........   100%        7    #######
 Ring of Flames           Chrm/Fire      #.........   100%        7    #######
 Spellforged Servitor     Conj/Summ      #.........   100%        7    #######
 Summon Hydra             Summ           #.........   100%        7    #######
 Borgnjor's Revivificati  Necr           #.........   100%        8    #######
 Death's Door             Chrm/Necr      #.........   100%        8    #######
 Ignition                 Fire           #.........   100%        8    #######
 Infestation              Necr           #.........   100%        8    #######
 Necromutation            Tmut/Necr      #.........   100%        8    #######
 Dragon's Call            Summ           #.........   100%        9    #######
 Shatter                  Erth           #.........   100%        9    #######
 Tornado                  Air            #.........   100%        9    #######


Dungeon Overview and Level Annotations

Branches:
Dungeon (15/15)            Temple (0/1) D:6            Lair (6/6) D:9
 Shoals (4/4) Lair:2       Spider (4/4) Lair:2        Slime (0/5) Lair:6
    Orc (2/2) D:10            Elf (3/3) Orc:2        Vaults (5/5) D:14
  Crypt (0/3) Vaults:3     Depths (0/5) D:15

Altars:
Cheibriados
Elyvilon
Gozag
Kikubaaqudgha
Okawaru
Sif Muna
Trog
Vehumet
Xom
Yredelemnul
Zin
The Shining One
Beogh

Shops:
D:4 =   D:8 *   Orc:1 =   Orc:2 *(=?   Elf:2 =:?   Shoals:2 *   Vaults:3 =


Innate Abilities, Weirdness & Mutations

You reflexively headbutt those who attack you in melee.
You have a pair of horns on your head.


Message History

* * * LOW HITPOINT WARNING * * *
You hear a deafening roar!
You hear a horrible gurgling sound!
Found a scale mail and a scroll of enchant armour.
You closely miss the deep elf sorcerer.
Your headbutt misses the deep elf sorcerer.
You hear a deafening roar!
You block the deep elf sorcerer's attack.
Unknown command.
You chop the deep elf sorcerer into pieces!!!
Lightning courses through the deep elf sorcerer!
You kill the deep elf sorcerer!
Okawaru accepts your kill.
You hear a deafening roar!
You hear a shout!
You hear a deafening roar!
You hear a shout!
A storm dragon comes into view.
The stone giant throws a large rock.
The large rock hits you.
* * * LOW HITPOINT WARNING * * *
The brown very ugly thing gurgles horribly!
The stone giant throws a large rock.
The large rock hits you!
You die...

#################
................#
. ............. '
#..#.#.#.#.#.#..#
.................
.........@.......
...#[#.#(#.#.#u..
#.....)...#
#.....[...#
.....##'##D.C..
#.... [.? ....#
...... ... L.....
.#D..( ?.! ....#.
... ##### ...


You could see 2 storm dragons, a brown very ugly thing, a stone giant and a
lich.

Vanquished Creatures
  Mennas (Vaults:2)
  4 tentacled monstrosities
  2 deep elf blademasters (Elf:3)
  A quicksilver dragon (Vaults:5)
  4 sphinxes
  Roxanne (Spider:4)
  3 tengu reavers
  Kirke (D:13)
  The ghost of Cykl0x the Severer, an adept GrFi of Okawaru (Elf:3)
  10 deep elf sorcerers
  2 frost giants
  15 vault wardens
  Louise (Shoals:1)
  4 emperor scorpions
  6 ghost moths
  3 deep elf elementalists
  11 ironheart preservers
  3 cacodemons (Elf:1)
  A ghoul (Vaults:3)
  5 stone giants
  2 war gargoyles
  2 entropy weavers
  Nessos (Lair:5)
  6 deep elf demonologists
  The ghost of Flure the Devastator, a journeyman DEFE of Vehumet (Elf:1)
  6 deep elf annihilators
  3 merfolk javelineers
  An ettin (Vaults:2)
  6 fire dragons
  7 deep elf death magi
  The ghost of Spyer the Spry, a journeyman MiBe of Trog (D:12)
  3 deep elf high priests (Elf:3)
  13 merfolk impalers
  3 yaktaur captains
  The ghost of
  1492 the Cleaver, a journeyman HOFi of Makhleb (D:12)
  2 great orbs of eyes
  Harold (Lair:1)
  12 ogre magi
  Fannar (Lair:2)
  7 ice dragons
  2 rakshasas
  6 hydras
  35 vault guards
  9 centaur warriors
  Erica (D:10)
  A merfolk aquamancer (Shoals:4)
  A catoblepas (Lair:6)
  32 two-headed ogres
  5 merfolk avatars
  28 dancing weapons
  3 death knights (Vaults:3)
  A deep troll shaman (Vaults:3)
  4 orc high priests
  Urug (Lair:2)
  2 hell knights (Vaults:4)
  Nergalle (Lair:2)
  17 deep elf knights
  A fire crab (shapeshifter) (Vaults:4)
  2 unseen horrors
  3 sea snakes
  10 skeletal warriors
  A titan skeleton (Vaults:3)
  10 deep trolls
  2 flayed ghosts
  2 wizards
  4 phantasmal warriors
  11 orc knights
  An obsidian statue (Volcano)
  8 deep elf archers
  25 harpies
  14 ironbrand convokers
  66 deep elf magi
  5 necromancers
  4 oklob plants (Lair:6)
  11 orb spiders
  17 ugly things
  A shadow dragon skeleton (Vaults:3)
  22 wolf spiders
  7 large abominations (Elf:1)
  5 orc sorcerers
  15 manticores
  A moth of wrath (Spider:1)
  A cyclops (shapeshifter) (Elf:1)
  The ghost of dranitski the Conjurer, a novice OpCj (D:6)
  3 cyclopes
  5 fauns (Shoals:3)
  A water nymph (shapeshifter) (Elf:2)
  3 stone giant skeletons
  A centaur zombie (D:12)
  A black mamba (shapeshifter) (Vaults:2)
  8 vault sentinels
  2 fire giant skeletons
  2 torpor snails
  8 water nymphs
  A black mamba (Lair:6)
  2 ice statues (IceCv)
  8 merfolk sirens
  12 spiny frogs
  A gargoyle (Volcano)
  2 spiny frogs (shapeshifter) (Elf:1)
  6 kobold demonologists
  24 yaktaurs
  3 rime drakes
  10 demonic crawlers
  An efreet (Volcano)
  The ghost of Ivernyr the Nimble, a novice FeAE of Sif Muna (D:12)
  3 centaur skeletons
  5 komodo dragons
  A tengu conjurer (D:13)
  2 yaktaur skeletons
  9 freezing wraiths
  9 trolls
  22 jumping spiders
  A merfolk (shapeshifter) (Vaults:1)
  24 merfolk
  6 meliai
  A queen bee (D:11)
  8 polar bears (Lair:6)
  The ghost of KamiKatze the Poker, an amateur MfBe of Trog (D:4)
  12 hornets
  7 dream sheep
  A meliai zombie (D:15)
  5 wind drakes
  13 blink frogs
  13 hippogriffs
  21 slime creatures
  An ettin zombie (D:15)
  A dream sheep (shapeshifter) (Elf:3)
  8 snapping turtles
  A human simulacrum (Vaults:3)
  22 tarantellas
  2 ettin skeletons (Vaults:3)
  A vampire (D:13)
  3 air elementals
  A shadow (D:13)
  6 wraiths
  51 redbacks
  3 fire elementals
  43 yaks
  15 spriggans (Lair:6)
  3 water elementals
  5 fire bats (Volcano)
  A yak (shapeshifter) (Elf:1)
  A human (shapeshifter) (Elf:1)
  3 wyverns
  2 hogs (D:13)
  A golden eye (shapeshifter) (Elf:1)
  2 wargs
  9 vampire mosquitoes (D:15)
  An acid dragon (shapeshifter) (Elf:1)
  5 acid dragons
  12 porcupines
  5 water moccasins
  2 black bears (Lair:6)
  A phantom (D:4)
  16 ice beasts
  29 orc warriors
  4 sky beasts
  2 eyes of draining
  An eye of draining (shapeshifter) (Vaults:1)
  3 necrophages
  A black bear (shapeshifter) (Elf:1)
  8 human skeletons (Vaults:3)
  An ogre (shapeshifter) (Elf:1)
  29 ogres
  3 boggarts (Lair:6)
  24 wolves
  30 crocodiles
  18 centaurs
  An elf zombie (D:8)
  3 big kobolds
  19 bullfrogs
  A glowing shapeshifter simulacrum (Vaults:3)
  2 elf skeletons (D:8)
  2 earth elementals
  A scorpion (D:6)
  A water moccasin skeleton (D:8)
  2 wyvern skeletons
  25 killer bees (D:11)
  A troll zombie (D:8)
  4 electric eels
  4 howler monkeys
  3 wights (D:9)
  8 crimson imps
  8 lava snakes
  A quasit (D:9)
  2 bullfrog zombies
  8 hounds
  3 human zombies (D:8)
  38 orc priests
  2 bullfrog skeletons
  9 iguanas
  5 jellies
  35 orc wizards
  Jessica (D:3)
  10 worker ants
  2 hound skeletons
  A mummy (D:8)
  A worker ant zombie (D:5)
  2 howler monkey skeletons (D:10)
  10 gnolls
  8 adders
  4 shadow imps
  An ooze (shapeshifter) (Elf:1)
  An ooze (D:6)
  An adder skeleton (D:6)
  A dart slug (D:1)
  2 worms (D:3)
  16 leopard geckos
  108 orcs
  3 ball pythons
  6 giant cockroaches
  15 hobgoblins
  14 jackals
  4 quokkas
  7 bats
  17 frilled lizards
  12 goblins
  A jackal zombie (D:5)
  23 kobolds
  An orc skeleton (D:8)
  14 rats
  5 fungi
  5 plants
  A withered plant (D:12)
1691 creatures vanquished.

Vanquished Creatures (others)
  A deep elf master archer (Elf:3)
  A shadow dragon (Vaults:5)
  A merfolk javelineer (Shoals:4)
  2 yaktaur captains
  A merfolk aquamancer (Shoals:4)
  A dancing weapon (Elf:2)
  4 satyrs
  2 deep elf knights
  3 deep elf archers
  2 fauns (Shoals:4)
  2 cyclopes
  7 yaktaurs
  A merfolk (Shoals:4)
  A slime creature (Vaults:2)
  An orc warrior (Vaults:3)
  An ogre (Vaults:2)
  4 centaurs
  A wyvern zombie (D:8)
  An orc wizard (D:8)
  3 orcs
  4 fungi
  12 plants
  5 withered plants
61 creatures vanquished.

Grand Total: 1752 creatures vanquished

Notes
Turn   | Place    | Note
-------+----------+-------------------------------------------
     0 | D:1      | Peloso the Minotaur Fighter began the quest for the Orb.
     0 | D:1      | Reached XP level 1. HP: 19/19 MP: 0/0
   103 | D:1      | Reached XP level 2. HP: 19/27 MP: 1/1
   134 | D:1      | Reached skill level 4 in Shields
   253 | D:1      | Reached XP level 3. HP: 26/33 MP: 2/2
   900 | D:2      | Reached XP level 4. HP: 37/40 MP: 3/3
  1529 | D:3      | Found a snail-covered altar of Cheibriados.
  1588 | D:3      | Reached skill level 1 in Dodging
  1588 | D:3      | Reached skill level 5 in Shields
  1588 | D:3      | Reached XP level 5. HP: 18/46 MP: 4/4
  2053 | D:3      | Noticed Jessica
  2065 | D:3      | Killed Jessica
  2065 | D:3      | Reached XP level 6. HP: 17/53 MP: 5/5
  2414 | D:3      | Reached skill level 5 in Armour
  2607 | D:4      | Reached skill level 5 in Fighting
  2633 | D:4      | Found Bacoav's Jewellery Shop.
  2649 | D:4      | Reached skill level 5 in Long Blades
  2699 | D:4      | Bought a cursed amulet of inaccuracy for 28 gold pieces
  2798 | D:4      | Found an iron altar of Okawaru.
  2805 | D:4      | Became a worshipper of Warmaster Okawaru
  2867 | D:4      | Reached XP level 7. HP: 61/61 MP: 6/6
  3044 | D:4      | Found a white marble altar of Elyvilon.
  3151 | D:4      | Reached * piety under Okawaru
  3432 | D:4      | Found a runed gate.
  3433 | D:4      | Found a runed gate.
  3433 | D:4      | Found a runed gate.
  3435 | D:4      | Noticed KamiKatze's ghost (amateur MfBe)
  3534 | D:4      | Found a roughly hewn altar of Beogh.
  3580 | D:5      | Entered Level 5 of the Dungeon
  3608 | D:5      | Reached skill level 6 in Shields
  3878 | D:5      | Reached ** piety under Okawaru
  3894 | D:5      | Reached XP level 8. HP: 66/69 MP: 7/7
  4244 | D:5      | Found a glowing silver altar of Zin.
  4727 | D:6      | Found a staircase to the Ecumenical Temple.
  4831 | D:6      | Found a runed gate.
  4831 | D:6      | Found a runed gate.
  4831 | D:6      | Found a runed gate.
  4841 | D:6      | Found an opulent altar of Gozag.
  4841 | D:6      | Noticed dranitski's ghost (novice OpCj)
  5280 | D:6      | Found a basalt altar of Yredelemnul.
  5316 | D:6      | Reached *** piety under Okawaru
  5316 | D:6      | Reached skill level 7 in Shields
  5794 | D:6      | Found a bloodstained altar of Trog.
  5988 | D:7      | Found a snail-covered altar of Cheibriados.
  6596 | D:7      | Reached XP level 9. HP: 78/78 MP: 8/8
  6632 | D:7      | Reached skill level 8 in Shields
  6870 | D:8      | Noticed a two-headed ogre
  7023 | D:8      | Found a radiant altar of Vehumet.
  7124 | D:7      | Reached **** piety under Okawaru
  7476 | D:8      | Reached skill level 9 in Shields
  7933 | D:8      | Killed a two-headed ogre
  7933 | D:8      | Reached ***** piety under Okawaru
  8166 | D:8      | Found Isod's Assorted Antiques.
  8174 | D:8      | Bought a steaming garnet amulet for 140 gold pieces
  8177 | D:8      | Identified the amulet "Noymu" {Gourm rC+ Str+4} (You bought
                  | it in a shop on level 8 of the Dungeon)
  8182 | D:8      | Bought a pair of runed gloves for 210 gold pieces
  8199 | D:8      | Bought a scroll labeled RIFUUPRARAKH for 28 gold pieces
  8199 | D:8      | Bought a scroll of magic mapping for 98 gold pieces
  8555 | D:8      | Reached XP level 10. HP: 78/86 MP: 9/9
  8576 | D:8      | Reached skill level 10 in Long Blades
  8588 | D:8      | Reached skill level 10 in Shields
  8663 | D:8      | Found an ancient bone altar of Kikubaaqudgha.
  8991 | D:8      | Found a deep blue altar of Sif Muna.
  9530 | D:9      | Received a gift from Okawaru
  9559 | D:9      | Got an ivory war axe {god gift}
  9560 | D:9      | Identified the +2 war axe "Otiracop" {venom, Int+4}
                  | (Okawaru gifted it to you on level 9 of the Dungeon)
  9800 | D:9      | Found a staircase to the Lair.
  9978 | D:10     | Entered Level 10 of the Dungeon
 10006 | D:10     | Reached skill level 11 in Shields
 10090 | D:10     | Noticed a cyclops
 10210 | D:10     | Killed a cyclops
 10219 | D:10     | Found a staircase to the Orcish Mines.
 10338 | D:10     | Reached ****** piety under Okawaru
 10829 | D:4      | Killed KamiKatze's ghost
 10829 | D:4      | Reached XP level 11. HP: 92/95 MP: 10/10
 11241 | D:6      | Reached skill level 10 in Armour
 11251 | D:6      | Killed dranitski's ghost
 11601 | D:11     | Received a gift from Okawaru
 11722 | D:11     | Reached skill level 1 in Stealth
 12459 | Lair:1   | Entered Level 1 of the Lair of Beasts
 12473 | Lair:1   | Reached skill level 12 in Shields
 12743 | Lair:1   | Noticed Harold
 12770 | Lair:1   | Killed Harold
 13256 | Lair:1   | Reached skill level 13 in Shields
 13364 | Lair:1   | Reached skill level 1 in Invocations
 13984 | Lair:2   | Received a gift from Okawaru
 14002 | Lair:2   | Reached XP level 12. HP: 104/104 MP: 11/11
 14018 | Lair:2   | Found a hole to the Spider Nest.
 14192 | Lair:2   | Noticed Nergalle
 14205 | Lair:2   | Killed Nergalle
 14205 | Lair:2   | Reached skill level 5 in Dodging
 14280 | Lair:2   | Noticed Urug
 14296 | Lair:2   | Killed Urug
 14394 | Lair:2   | Found a staircase to the Shoals.
 14503 | Lair:2   | Noticed Fannar
 14528 | Lair:2   | Killed Fannar
 14763 | Lair:3   | Noticed an eight-headed hydra
 14786 | Lair:3   | Killed an eight-headed hydra
 14816 | Lair:3   | Reached skill level 10 in Fighting
 15513 | Lair:3   | Noticed a seven-headed hydra
 15525 | Lair:3   | Killed a seven-headed hydra
 15525 | Lair:3   | Received a gift from Okawaru
 15682 | Lair:3   | Reached skill level 1 in Short Blades
 16000 | Lair:4   | Noticed a seven-headed hydra
 16029 | Lair:4   | Killed a seven-headed hydra
 16029 | Lair:4   | Reached skill level 14 in Shields
 16928 | Lair:4   | Found a radiant altar of Vehumet.
 17503 | Lair:5   | Reached XP level 13. HP: 98/113 MP: 13/13
 17541 | Lair:5   | Noticed Nessos
 17560 | Lair:5   | Killed Nessos
 18669 | Lair:6   | Entered Level 6 of the Lair of Beasts
 18709 | Lair:6   | Found a dark tunnel.
 18725 | Volcano  | Entered a volcano
 18985 | Volcano  | Noticed a stone giant
 18986 | Volcano  | Found a bloodstained altar of Trog.
 19015 | Volcano  | Killed a stone giant
 19314 | Volcano  | Received a gift from Okawaru
 19450 | Lair:6   | Reached skill level 15 in Shields
 19795 | Lair:6   | Received a gift from Okawaru
 19968 | Lair:6   | Found a staircase to the Slime Pits.
 20121 | Lair:6   | Received a gift from Okawaru
 20495 | Lair:6   | Reached XP level 14. HP: 74/125 MP: 15/15
 22192 | D:12     | Received a gift from Okawaru
 22201 | D:12     | Got a crude hat {god gift}
 22207 | D:12     | Identified the +4 hat "Moh Mait" {*Drain rElec Int+4 Dex+4}
                  | (Okawaru gifted it to you on level 12 of the Dungeon)
 22301 | D:12     | Reached skill level 1 in Evocations
 23218 | D:12     | Found a runed gate.
 23218 | D:12     | Found a runed gate.
 23219 | D:12     | Found a runed gate.
 23220 | D:12     | Noticed Spyer's ghost (journeyman MiBe)
 23223 | D:12     | Noticed Ivernyr's ghost (novice FeAE)
 23224 | D:12     | Noticed 1492's ghost (journeyman HOFi)
 23453 | D:12     | Killed Spyer's ghost
 23453 | D:12     | Reached skill level 16 in Shields
 23474 | D:12     | Killed 1492's ghost
 23474 | D:12     | Reached skill level 15 in Long Blades
 23476 | D:12     | Killed Ivernyr's ghost
 23936 | D:13     | Noticed Kirke
 23955 | D:13     | Killed Kirke
 24238 | D:14     | Received a gift from Okawaru
 24436 | D:14     | Found a gate to the Vaults.
 24667 | Orc:1    | Entered Level 1 of the Orcish Mines
 24677 | Orc:1    | Found Hogeror's Jewellery Shoppe.
 24683 | Orc:1    | Found a frozen archway.
 24689 | Orc:1    | Noticed Erica
 24703 | IceCv    | Entered an ice cave
 25446 | IceCv    | Got a slimy granite ring
 25480 | IceCv    | Identified the ring "Toamorgha" {+Blink rF+ Dex+3} (You
                  | found it in an ice cave)
 26021 | D:10     | Killed Erica
 26021 | D:10     | Reached skill level 17 in Shields
 26826 | Orc:2    | Entered Level 2 of the Orcish Mines
 27102 | Orc:2    | Paralysed by an orc sorcerer for 3 turns
 27595 | Orc:2    | Found Fecoakou's Antique Weapon Shop.
 27595 | Orc:2    | Found Eco Dyur's Assorted Antiques.
 27596 | Orc:2    | Found Gymenout's Jewellery Boutique.
 27600 | Orc:2    | Found Sucw's Magic Scroll Boutique.
 27611 | Orc:2    | Bought a scroll of identify for 26 gold pieces
 27611 | Orc:2    | Bought a scroll of magic mapping for 45 gold pieces
 27611 | Orc:2    | Bought a scroll of enchant armour for 97 gold pieces
 27611 | Orc:2    | Bought a scroll of identify for 26 gold pieces
 27615 | Orc:2    | Identified a scroll of acquirement
 27626 | Orc:2    | Bought a scroll of identify for 26 gold pieces
 27626 | Orc:2    | Bought a scroll of teleportation for 39 gold pieces
 27626 | Orc:2    | Bought a scroll of teleportation for 39 gold pieces
 27632 | Orc:2    | Bought a scroll labeled ZOAHUL AGGOT for 37 gold pieces
 27632 | Orc:2    | Bought 2 scrolls of identify for 148 gold pieces
 27656 | Orc:2    | Bought a cursed ring of attention for 54 gold pieces
 27670 | Orc:2    | Found a staircase to the Elven Halls.
 27678 | Orc:2    | Reached XP level 15. HP: 124/135 MP: 16/16
 28377 | D:15     | Entered Level 15 of the Dungeon
 28530 | D:15     | HP: 8/204 [meliai/divine providence (15)]
 29121 | D:15     | Found a staircase to the Depths.
 29134 | D:15     | Received a gift from Okawaru
 29517 | D:15     | Reached skill level 18 in Shields
 29521 | D:15     | Received a gift from Okawaru
 29932 | D:15     | Found a glowing golden altar of the Shining One.
 30144 | D:15     | Found a shimmering altar of Xom.
 30720 | Spider:1 | Entered Level 1 of the Spider Nest
 30772 | Lair:2   | Received a gift from Okawaru
 32098 | Spider:2 | Reached skill level 15 in Armour
 32217 | Spider:1 | Received a gift from Okawaru
 32226 | Spider:1 | Reached skill level 19 in Shields
 33056 | Spider:2 | Got a warped hand crossbow
 33372 | Spider:2 | Identified the +6 hand crossbow "Nyh Abas" {venom, MP+9
                  | Str+4 Int+2 Stlth+} (You found it on level 2 of the Spider
                  | Nest)
 33416 | Shoals:1 | Entered Level 1 of the Shoals
 33433 | Shoals:1 | Reached XP level 16. HP: 111/145 MP: 17/17
 33761 | Shoals:1 | Noticed Louise
 33816 | Shoals:1 | Killed Louise
 34754 | Shoals:2 | Found Iroetwih's General Store.
 35958 | Shoals:3 | Reached skill level 20 in Shields
 36066 | Shoals:4 | Entered Level 4 of the Shoals
 36339 | Shoals:4 | Received a gift from Okawaru
 37415 | Spider:3 | Found a roughly hewn altar of Beogh.
 37442 | Spider:3 | Got a scorched dagger
 37666 | Spider:3 | Received a gift from Okawaru
 37888 | Spider:4 | Entered Level 4 of the Spider Nest
 38480 | Spider:3 | Identified the +10 dagger of Noon {venom, Str+2} (You found
                  | it on level 3 of the Spider Nest)
 38600 | Spider:4 | Reached skill level 21 in Shields
 38994 | Spider:4 | Reached XP level 17. HP: 154/154 MP: 19/19
 39037 | Spider:4 | Received a gift from Okawaru
 39334 | Spider:4 | Noticed Roxanne
 39415 | Spider:4 | Killed Roxanne
 40792 | Spider:4 | Received a gift from Okawaru
 41225 | Spider:4 | Got a gossamer rune of Zot
 42565 | Shoals:4 | Reached skill level 22 in Shields
 42911 | Shoals:4 | Received a gift from Okawaru
 43600 | Shoals:4 | Received a gift from Okawaru
 43600 | Shoals:4 | Reached skill level 15 in Fighting
 43603 | Shoals:4 | Got a pair of pitted boots {god gift}
 43739 | Shoals:4 | Identified the +2 pair of boots "Liesith" {rN++ Int-2
                  | Dex+2} (Okawaru gifted it to you on level 4 of the Shoals)
 43988 | Shoals:4 | Got a faintly glowing bronze ring
 43990 | Shoals:4 | Identified the cursed ring "Erchay" {rC+ AC-2 Str+4 Dex-2}
                  | (You found it on level 4 of the Shoals)
 44313 | Shoals:4 | Got a transparent whip
 44314 | Shoals:4 | Identified the +7 whip "Fixumepifa" {antimagic, +Blink rF-
                  | MR++ Stlth+} (You found it on level 4 of the Shoals)
 44504 | Shoals:4 | Got a barnacled rune of Zot
 45092 | Orc:2    | Bought a scroll of magic mapping for 129 gold pieces
 45108 | Elf:1    | Entered Level 1 of the Elven Halls
 45216 | Elf:1    | Reached skill level 23 in Shields
 45331 | Elf:1    | Reached XP level 18. HP: 140/163 MP: 20/20
 46059 | Elf:1    | Received a gift from Okawaru
 46138 | Elf:1    | Found Toeduq's General Store.
 46200 | Elf:1    | Identified Depim's Reference Book on the Entourage
 46320 | Elf:1    | Found a runed gate.
 46320 | Elf:1    | Found a runed gate.
 46320 | Elf:1    | Found a runed gate.
 46324 | Elf:1    | Noticed a tentacled monstrosity
 46332 | Elf:1    | Noticed a tentacled monstrosity
 46664 | Elf:2    | Found Nuypaum's Book Shoppe.
 46674 | Elf:2    | Found Osaistreacw's Jewellery Emporium.
 46711 | Elf:2    | Found Plog's Magic Scroll Shop.
 46738 | Elf:2    | Found a flickering gateway to a bazaar.
 46747 | Bazaar   | Entered a bazaar
 46747 | Bazaar   | Found Feylem's Book Emporium.
 46752 | Bazaar   | Found Soban's Book Boutique.
 46779 | Bazaar   | Found Obezatakh's Weapon Shoppe.
 46786 | Bazaar   | Found Yczeyrph's Gadget Boutique.
 47098 | Elf:2    | Found a huge runed gate.
 47098 | Elf:2    | Found a huge runed gate.
 47098 | Elf:2    | Found a huge runed gate.
 47108 | Elf:2    | Found a huge runed gate.
 47108 | Elf:2    | Found a huge runed gate.
 47229 | Elf:2    | Received a gift from Okawaru
 47910 | Elf:2    | Bought a scroll of identify for 24 gold pieces
 47910 | Elf:2    | Bought a scroll of teleportation for 36 gold pieces
 47910 | Elf:2    | Bought a scroll of identify for 24 gold pieces
 47910 | Elf:2    | Bought a scroll of teleportation for 36 gold pieces
 48045 | Elf:2    | Reached skill level 24 in Shields
 48227 | Elf:3    | Entered Level 3 of the Elven Halls
 48618 | Elf:3    | Found a runed door.
 48618 | Elf:3    | Noticed Cykl0x's ghost (adept GrFi)
 48652 | Elf:3    | Killed Cykl0x's ghost
 48657 | Elf:3    | Got a heavily runed plate armour
 48670 | Elf:3    | Identified the +16 plate armour of Depression {MR+} (You
                  | found it on level 3 of the Elven Halls)
 49336 | Elf:3    | Received a gift from Okawaru
 49643 | Elf:3    | Got a shimmering spear {freeze}
 49719 | Elf:3    | Identified the +8 spear "Muopneaps" {freeze, *Noise rElec
                  | rPois} (You took it off a deep elf high priest on level 3
                  | of the Elven Halls)
 49864 | Elf:3    | Reached XP level 19. HP: 172/172 MP: 21/21
 50072 | Elf:3    | Got a pitted long sword {slice}
 50185 | Elf:3    | Identified the +11 long sword "Ydiwini" {slice, rPois} (You
                  | took it off a deep elf mage on level 3 of the Elven Halls)
 50204 | Elf:3    | Got a warped turquoise ring
 50205 | Elf:3    | Got a transparent chain mail
 50233 | Elf:3    | Got a steaming spear {freeze}
 50294 | Elf:3    | Received a gift from Okawaru
 50310 | Elf:3    | Got pitted pearl dragon scales
 50560 | Lair:1   | Identified the +1 spear of Buyts {freeze, MR+ Str+2 Stlth+}
                  | (You took it off a deep elf annihilator on level 3 of the
                  | Elven Halls)
 50576 | Lair:1   | Identified the cursed +0 chain mail "Maxko" {rCorr Dex+3}
                  | (You took it off a deep elf blademaster on level 3 of the
                  | Elven Halls)
 50593 | Lair:1   | Identified the +12 pearl dragon scales of Fashionability
                  | {*Contam +Fly rN+ MP+9 Dex+7} (You took it off a deep elf
                  | blademaster on level 3 of the Elven Halls)
 50618 | Lair:1   | Identified the ring "Hikleic" {rN+ Str+2 Int+7 Stlth-} (You
                  | took it off a deep elf blademaster on level 3 of the Elven
                  | Halls)
 51059 | Elf:3    | Identified the Grimoire of the Rocks
 51616 | Elf:1    | Found a runed gate.
 51616 | Elf:1    | Found a runed gate.
 51629 | Elf:1    | Found a runed gate.
 51640 | Elf:1    | Noticed Flure's ghost (journeyman DEFE)
 51681 | Elf:1    | Killed Flure's ghost
 51681 | Elf:1    | Reached skill level 5 in Invocations
 51726 | Elf:1    | Got a crude cloak
 51776 | Elf:1    | Identified the +0 cloak "Ojyetal" {Str+7} (You found it on
                  | level 1 of the Elven Halls)
 52002 | Vaults:1 | Entered Level 1 of the Vaults
 52551 | Vaults:1 | Received a gift from Okawaru
 52556 | Vaults:1 | Reached skill level 25 in Shields
 53266 | Vaults:1 | Received a gift from Okawaru
 53269 | Vaults:1 | Got a translucent cloak {god gift}
 53280 | Vaults:1 | Identified the -4 cloak of Yesterday {rPois Regen+}
                  | (Okawaru gifted it to you on level 1 of the Vaults)
 53637 | Vaults:2 | Reached XP level 20. HP: 184/184 MP: 22/22
 53810 | Vaults:2 | Noticed Mennas
 53875 | Vaults:2 | Killed Mennas
 54274 | Vaults:2 | Received a gift from Okawaru
 54635 | Vaults:2 | Received a gift from Okawaru
 54639 | Vaults:2 | Reached skill level 26 in Shields
 55974 | Vaults:3 | Found Holuipp's Jewellery Emporium.
 55995 | Vaults:3 | Bought the ring "Zutoint" {rElec Str+5 Stlth+} for 966 gold
                  | pieces
 56796 | Vaults:3 | Received a gift from Okawaru
 56826 | Vaults:3 | Got a crystal scimitar {god gift}
 56827 | Vaults:3 | Identified the +2 scimitar of the Moon {flame, rElec rF+}
                  | (Okawaru gifted it to you on level 3 of the Vaults)
 57033 | Vaults:3 | Reached XP level 21. HP: 168/194 MP: 23/23
 57211 | Vaults:3 | Reached skill level 10 in Dodging
 57570 | Vaults:3 | Found a staircase to the Crypt.
 58147 | Vaults:4 | Received a gift from Okawaru
 58314 | Vaults:4 | Received a gift from Okawaru
 58444 | Vaults:4 | Reached skill level 27 in Shields
 58822 | Vaults:4 | Paralysed by a sphinx for 6 turns
 59060 | Vaults:4 | Reached skill level 1 in Throwing
 59060 | Vaults:4 | Reached skill level 1 in Unarmed Combat
 59060 | Vaults:4 | Reached XP level 22. HP: 190/205 MP: 24/24
 59104 | Vaults:5 | Entered Level 5 of the Vaults
 59181 | Vaults:4 | Received a gift from Okawaru
 59198 | Vaults:4 | Got an iridescent short sword {god gift}
 59199 | Vaults:4 | Identified the +4 short sword "Spider's Nightmare" {pierce,
                  | rN+ MR+ Str+4} (Okawaru gifted it to you on level 4 of the
                  | Vaults)
 59415 | Vaults:5 | Received a gift from Okawaru
 59451 | Vaults:5 | HP: 10/206 [Brimstone Fiend/damnation[a deep elf
                  | demonologist] (45)]
 59469 | Vaults:5 | HP: 9/206 [ettin/dire flail (12)]
 59476 | Vaults:5 | HP: 7/206 [stone giant/large rock (5)]
 59477 | Vaults:5 | Hit by a large rock thrown by a stone giant

Skill      XL: |  1  2  3  4  5  6  7  8  9 10 11 12 13 14 15 16 17 18 19 20 21 22 |
---------------+-------------------------------------------------------------------+-----
Shields        | 4 5 6 7 9 11 13 14 15 17 19 21 23 24 25 26 27 | 27.0
Fighting       | 4 5 6 7 8 9 10 11 13 14 15 16 17 18 19 | 19.4
Armour         | 4 5 6 7 8 9 10 12 13 14 15 16 17 | 17.6
Long Blades    | 3 4 5 6 8 9 11 12 13 14 15 16 17 18 19 20 | 20.5
Dodging        | 1 2 3 4 5 6 7 8 9 10 11 | 11.3
Stealth        | 1 2 3 4 |  4.6
Invocations    | 1 2 3 4 5 |  5.3
Short Blades   | 1 |  1.6
Evocations     | 1 2 |  2.2
Throwing       | 1 |  1.1
Unarmed Combat | 1 |  1.2
Spellcasting   | |  0.6

Action                   |  1- 3 |  4- 6 |  7- 9 | 10-12 | 13-15 | 16-18 | 19-21 | 22-24 || total
-------------------------+-------+-------+-------+-------+-------+-------+-------+-------++-------
Melee: Long sword        |    99 |   124 |       |   255 |   241 |       |   559 |       ||  1278
       Headbutt          |    10 |    32 |   119 |   335 |   701 |   725 |   519 |    63 ||  2504
       Falchion          |       |    13 |   402 |   711 |   287 |  1276 |       |       ||  2689
       Dagger            |       |       |       |    25 |       |       |       |       ||    25
       Scimitar          |       |       |       |       |  1300 |       |    30 |       ||  1330
       Demon blade       |       |       |       |       |       |   814 |    53 |       ||   867
       Double sword      |       |       |       |       |       |       |   571 |   177 ||   748
Invok: Heroism           |       |       |       |     8 |    14 |    12 |     3 |     1 ||    38
       Finesse           |       |       |       |     3 |     3 |     5 |     2 |       ||    13
Evoke: Wand              |       |       |     3 |       |    15 |     6 |       |       ||    24
  Use: Scroll            |       |     6 |     4 |    10 |    25 |     9 |     8 |     7 ||    69
       Potion            |       |       |       |     1 |     4 |     1 |     2 |    10 ||    18
 Stab: Distracted        |       |       |       |       |     1 |     1 |       |       ||     2
       Sleeping          |       |       |       |       |       |     2 |     8 |       ||    10
       Held in net/web   |       |       |       |       |       |     1 |       |       ||     1
  Eat: Chunk             |       |     7 |    14 |    16 |    43 |    44 |    24 |     1 ||   149
       Ration            |       |       |     1 |     4 |     3 |     3 |     2 |       ||    13
Armor: Scale mail        |    62 |    64 |    12 |       |       |       |       |       ||   138
       Chain mail        |       |       |   143 |   189 |    45 |       |       |       ||   377
       Plate armour      |       |       |       |   138 |   869 |   603 |    12 |       ||  1622
       Shadow dragon sca |       |       |       |       |       |    96 |       |       ||    96
       Pearl dragon scal |       |       |       |       |       |       |   246 |    92 ||   338
Dodge: Dodged            |    47 |    64 |    93 |   291 |   607 |   489 |   312 |    82 ||  1985
Block: Shield            |    65 |    83 |   235 |   618 |   535 |       |       |       ||  1536
       Large shield      |       |       |       |       |  1546 |  2390 |  1378 |   358 ||  5672
       Reflection        |       |       |       |       |    21 |   162 |    83 |     3 ||   269
       Rpst.: Long sword |    12 |    16 |       |    19 |    16 |       |    32 |       ||    95
       Falchion          |       |     2 |    21 |    48 |    31 |    50 |       |       ||   152
       Scimitar          |       |       |       |       |    77 |       |       |       ||    77
       Demon blade       |       |       |       |       |       |    30 |     2 |       ||    32
       Double sword      |       |       |       |       |       |       |    29 |    14 ||    43
